 Dungeon Crawl Stone Soup version 0.30.1-9-gdf580d7c3d (webtiles) character file.

Game seed: 12375292061876379182

88 Babbit the Trooper (level 4, -1/41 HPs)
             Began as a Minotaur Fighter on Oct 1, 2023.
             Slain by a gnoll
             ... wielding a +1 flail of protection
              (10 damage)
             ... on level 3 of the Dungeon.
             The game lasted 00:03:38 (1634 turns).

Babbit the Trooper (Minotaur Fighter)               Turns: 1634, Time: 00:03:38

Health: -1/41      AC: 11    Str: 22    XL:     4   Next: 29%
Magic:  3/3        EV:  6    Int:  5    God:
Gold:   172        SH:  4    Dex: 10    Spells: 3/3 levels left

rFire   . . .        a - +0 war axe
rCold   . . .        c - +0 buckler
rNeg    . . .        k - +0 plate armour
rPois   .            (helmet restricted)
rElec   .            (no cloak)
rCorr   .            (no gloves)
SInv    .            (no boots)
Will    .....        (no amulet) Stlth
                     (no ring)
HPRegen 0.26/turn    (no ring)
MPRegen 0.08/turn

%: no passive effects
@: no status effects
A: horns 2, retaliatory headbutt
a: no special abilities


You were on level 3 of the Dungeon.
You visited 1 branch of the dungeon, and saw 3 of its levels.

You collected 172 gold pieces.

Inventory:

Hand Weapons
 a - a +0 war axe (weapon)
Armour
 b - a +0 scale mail
 c - a +0 buckler (worn)
 k - a +0 plate armour (worn)
Scrolls
 h - a scroll of fog
 j - a scroll of identify {unknown}
 m - a scroll of enchant armour {unknown}
 o - a scroll of fear {unknown}
Potions
 d - a potion of might
 e - a potion of attraction {unknown}
 f - 3 potions of haste {unknown}
 g - 5 potions of curing {unknown}
 i - a potion of degeneration {unknown}
 l - a potion of magic {unknown}
 n - a potion of heal wounds {unknown}


   Skills:
 + Level 4.4 Fighting
 + Level 3.7 Axes
 + Level 4.3 Armour
 + Level 0.7 Dodging
 + Level 4.1 Shields


You had 3 spell levels left.
You didn't know any spells.
Your spell library contained the following spells:

 Spells                   Type           Power      Damage    Failure   Level
 Apportation              Tloc           0%         N/A       100%        1
 Alistair's Intoxication  Tmut/Pois      0%         N/A       100%        5


Dungeon Overview and Level Annotations

Branches:
Dungeon (3/15)

Altars:


Innate Abilities, Weirdness & Mutations

You have a pair of horns on your head.
You reflexively headbutt those who attack you in melee.


Message History

You hit the gnoll but do no damage. Your headbutt misses the gnoll.
The gnoll is lightly wounded.
You hit the gnoll. The gnoll barely misses you. x2
You hit the gnoll but do no damage. Your headbutt misses the gnoll.
The gnoll is heavily wounded.
You barely miss the gnoll. You hit the gnoll.
The gnoll hits you but does no damage.
The gnoll hits you with a +1 flail of protection.
The gnoll barely misses you. You furiously retaliate!
You headbutt the gnoll. You hit the gnoll but do no damage.
The gnoll is almost dead.
You hit the gnoll. You hit the gnoll but do no damage.
The gnoll hits you with a +1 flail of protection.
The gnoll hits you but does no damage. The gnoll barely misses you.
You block the gnoll's attack.
The gnoll hits you with a +1 flail of protection.
You block the gnoll's attack.
You hit the gnoll.
You kill the gnoll!
You hit the gnoll but do no damage. You closely miss the gnoll.
The gnoll hits you with a +1 flail of protection!
You block the gnoll's attack.
You are too injured to fight recklessly!
You are too injured to fight recklessly!
You hit the gnoll.
You kill the gnoll!
You hit the gnoll but do no damage. You block the gnoll's attack.
The gnoll barely misses you.
You hit the gnoll but do no damage. Your headbutt misses the gnoll.
The gnoll is lightly wounded.
The gnoll hits you with a +1 flail of protection!
* * * LOW HITPOINT WARNING * * *
You hit the gnoll but do no damage.
The gnoll is lightly wounded.
The gnoll hits you but does no damage.
You barely miss the gnoll.
The gnoll is lightly wounded.
The gnoll barely misses you. You furiously retaliate!
You headbutt the gnoll!
The gnoll hits you with a +1 flail of protection!
You die...

### .# ##(.#
##########.# ....##
#........#.#
####g....#
#.....<..#.# #..@>.#
#........#.###.#.).#
#........#.##..#.###
#..........#..##.#
#..........#.###.#
## #########....#
#.# .# ##..## ..#
..# #..###.## #..#
#......# ###...#


You could see a gnoll.

Vanquished Creatures
  2 gnolls (D:3)
  3 adders (D:2)
  A worm (D:2)
  3 dart slugs
  2 ball pythons
  2 bats
  An endoplasm (D:1)
  2 giant cockroaches
  2 goblins (D:1)
  6 hobgoblins
  5 kobolds
  A quokka (D:1)
  3 frilled lizards
  A rat (D:1)
34 creatures vanquished.

Notes
Turn   | Place    | Note
-------+----------+-------------------------------------------
     0 | D:1      | Babbit the Minotaur Fighter began the quest for the Orb.
     0 | D:1      | Reached XP level 1. HP: 19/19 MP: 0/0
   168 | D:1      | Reached XP level 2. HP: 19/27 MP: 1/1
   903 | D:2      | Reached XP level 3. HP: 30/32 MP: 2/2
  1599 | D:3      | Reached XP level 4. HP: 41/41 MP: 3/3
  1634 | D:3      | Slain by a gnoll

Illustrated notes

Levels and vault maps discovered:
D:1:      dpeg_arrival_three_smaller_balls, layout_basic
D:2:      layout_loops_ring, nicolae_eternal_life
D:3:      layout_rooms, ebering_ghost_reflecting_pool

Skill      XL: |  1  2  3 |
---------------+----------+-----
Fighting       | 4 |  4.4
Armour         | 4 |  4.3
Shields        | 4 |  4.1
Axes           | 3 |  3.7
Dodging        | |  0.7

Action                     |  1- 3 |  4- 6 || total
---------------------------+-------+-------++-------
  Melee: War axe           |    60 |    10 ||    70
         Headbutt          |     9 |     1 ||    10
    Use: Scroll            |     1 |       ||     1
 Armour: Scale mail        |    15 |       ||    15
         Plate armour      |     4 |     7 ||    11
  Dodge: Dodged            |    26 |     6 ||    32
  Block: Buckler           |    16 |     5 ||    21
